 Dungeon Crawl Stone Soup version 0.30.0-5-g1a98f26d00 (webtiles) character file.

Game seed: 11940222196631628494

20 thug444 the Trooper (level 2, 13/19 HPs)
             Began as a Gargoyle Fighter on May 10, 2023.
             Quit the game on level 1 of the Dungeon.
             The game lasted 00:00:45 (385 turns).

thug444 the Trooper (Gargoyle Fighter)               Turns: 385, Time: 00:00:45

Health: 13/19      AC:  9    Str: 19    XL:     2   Next: 79%
Magic:  2/2        EV:  9    Int:  8    God:
Gold:   11         SH:  4    Dex:  9    Spells: 1/1 levels left

rFire   . . .        a - +0 war axe
rCold   . . .        c - +0 buckler
rNeg    + . .        b - +0 scale mail
rPois   ∞            (no helmet)
rElec   +            (no cloak)
rCorr   .            (no gloves)
SInv    .            (no boots)
Will    .....        (no amulet) Stlth
                     (no ring)
HPRegen 0.23/turn    (no ring)
MPRegen 0.08/turn

%: no passive effects
@: no status effects
A: sickness immunity, AC +2, negative energy resistance 1, electricity
resistance, torment resistance 1, petrification resistance
a: no special abilities


You were on level 1 of the Dungeon.
You visited 1 branch of the dungeon, and saw 1 of its levels.

You collected 11 gold pieces.

Inventory:

Hand Weapons
 a - a +0 war axe (weapon)
Armour
 b - a +0 scale mail (worn)
 c - a +0 buckler (worn)
Scrolls
 e - a scroll of amnesia {unknown}
 f - a scroll of enchant weapon {unknown}
 g - a scroll of teleportation {unknown}
 i - a scroll of brand weapon {unknown}
Potions
 d - a potion of might
 h - 2 potions of curing {unknown}
 j - a potion of mutation {unknown}


   Skills:
 * Level 3.6 Fighting
 * Level 2.2 Axes
 * Level 3.5 Armour
 * Level 3.5 Shields


You had one spell level left.
You didn't know any spells.
Your spell library was empty.

Dungeon Overview and Level Annotations

Branches:
Dungeon (1/15)

Altars:


Innate Abilities, Weirdness & Mutations

You are immune to sickness and miasma.
Your stone body is resilient. (AC +2)
You are immune to poison.
You resist negative energy. (rN+)
You are resistant to electric shocks. (rElec)
You are resistant to unholy torment.
You are immune to petrification.


Message History

The ball python constricts you.
You closely miss the ball python. You hit the endoplasm but do no damage.
You block the ball python's attack. The ball python constricts you.
The endoplasm freezes you.
You are frozen.
You hit the ball python.
You kill the ball python!
You hit the endoplasm but do no damage.
The endoplasm hits you but does no damage. x2
You block the kobold's attack.
You hit the endoplasm.
The endoplasm is heavily wounded.
You barely miss the kobold. The kobold misses you.
You block the endoplasm's attack.
You hit the endoplasm.
You kill the endoplasm!
You closely miss the kobold. You block the kobold's attack.
The kobold hits you but does no damage.
You closely miss the kobold. The kobold barely misses you.
You closely miss the kobold. The kobold hits you with a +0 club.
The kobold hits you but does no damage.
You hit the kobold.
You kill the kobold!
No target in view!
No target in view!
No target in view!
No target in view!
No target in view!
No target in view!
No target in view!
No target in view!
No target in view!
No target in view!
No target in view!
No target in view!
No target in view!
No target in view!
No target in view!
No target in view!
Are you sure you want to abandon this character and quit the game? (Confirm with "yes".)

##.###.##
###.........
##.####.##
###...####.
##.##
##.#####...### .
#.#
##.##........ ..
#.#
##..#########...
#.........$.>..
#...^......#..#
#..............
#.####.@.......
#.# #..)......
... #.........
... ..........
...........
............
.............
......###...#.


There were no monsters in sight!

Vanquished Creatures
  4 endoplasms (D:1)
  3 hobgoblins (D:1)
  A quokka (D:1)
  2 ball pythons (D:1)
  A frilled lizard (D:1)
  A goblin (D:1)
  4 kobolds (D:1)
  5 rats (D:1)
21 creatures vanquished.

Notes
Turn   | Place    | Note
-------+----------+-------------------------------------------
     0 | D:1      | thug444 the Gargoyle Fighter began the quest for the Orb.
     0 | D:1      | Reached XP level 1. HP: 14/14 MP: 1/1
   212 | D:1      | Reached XP level 2. HP: 14/19 MP: 2/2
   385 | D:1      | Quit the game

Illustrated notes

Levels and vault maps discovered:
D:1:      spicycebolla_arrival_xxxplode, layout_basic,
          nicolae_figureground_pulse

Skill      XL: |  1  2 |
---------------+-------+-----
Axes           | 2 |  2.2
Fighting       | |  3.6
Armour         | |  3.5
Shields        | |  3.5

Action                     || total
---------------------------++-------
  Melee: War axe           ||    53
 Armour: Scale mail        ||    29
  Dodge: Dodged            ||    14
  Block: Buckler           ||    11
